 Dungeon Crawl Stone Soup version 0.22.0-38-g04b72b8 (webtiles) character file.

4217 leisz the Fighter (level 10, 0/91 HPs)
             Began as a Minotaur Fighter on Aug 30, 2018.
             Was an Elder of Zin.
             Slain by a seven-headed hydra (1 damage)
             ... on level 9 of the Dungeon.
             The game lasted 00:23:14 (7627 turns).

leisz the Fighter (Minotaur Fighter)                Turns: 7627, Time: 00:23:14

Health: 0/91       AC: 13    Str: 27    XL:     10   Next: 9%
Magic:  12/12      EV:  7    Int:  6    God:    Zin [****..]
Gold:   465        SH: 13    Dex: 14    Spells: 9/9 levels left

rFire    . . .     SeeInvis .   G - +4 flail (protect)
rCold    . . .     Gourm    .   c - +1 shield
rNeg     . . .     Faith    .   u - +0 chain mail
rPois    ∞         Spirit   .   E - +2 hat
rElec    .         Reflect  .   (no cloak)
rCorr    .         Harm     .   (no gloves)
MR       +....                  (no boots)
Stlth    ..........             (no amulet)
HPRegen  0.25/turn              F - ring of protection from magic
MPRegen  0.13/turn              B - ring of poison resistance

@: mighty, vitalised, drained
A: retaliatory headbutt, horns 2
a: Recite, Vitalisation, Imprison, Donate Gold, Renounce Religion


You were on level 9 of the Dungeon.
You worshipped Zin.
Zin was greatly pleased with you.
You were not hungry.

You visited 1 branch of the dungeon, and saw 9 of its levels.

You collected 516 gold pieces.
You donated 51 gold pieces to Zin.

Inventory:

Hand Weapons
 G - a +4 flail of protection (weapon)
 L - a +4 dire flail
Missiles
 b - 20 tomahawks (quivered)
 h - 183 stones
Armour
 c - a +1 shield (worn)
 u - a +0 chain mail (worn)
 E - a +2 hat (worn)
Jewellery
 i - an uncursed ring of flight
 B - a ring of poison resistance (right hand)
 F - a ring of protection from magic (left hand)
Wands
 t - a wand of acid (3)
 D - a wand of iceblast (23)
 K - a wand of enslavement (2)
Scrolls
 g - a scroll of identify
 l - 3 scrolls of amnesia
 m - a scroll of immolation
 n - 3 scrolls of enchant weapon {unknown}
 o - 3 scrolls of remove curse
 p - 2 scrolls of teleportation
 q - 5 scrolls of magic mapping
 s - 2 scrolls of enchant armour
 y - 2 scrolls of fog {unknown}
Potions
 a - a potion of berserk rage {unknown}
 d - 2 potions of might
 e - 3 potions of invisibility
 j - 5 potions of curing
 k - a potion of ambrosia {unknown}
 r - a potion of brilliance {unknown}
 v - a potion of degeneration {unknown}
 w - a potion of resistance {unknown}
 x - 2 potions of flight
 z - 2 potions of lignification {unknown}
 A - 2 potions of haste {unknown}
 C - a potion of cancellation {unknown}
 H - 2 potions of heal wounds {unknown}
 J - a potion of magic {unknown}
Comestibles
 f - 12 rations
 I - 3 chunks of flesh


   Skills:
 + Level 9.6(9.3) Fighting
 + Level 9.1(8.8) Maces & Flails
 + Level 9.4(9.2) Armour
 - Level 8.1(7.9) Shields
 - Level 4.0(3.8) Invocations


You had 9 spell levels left.
You didn't know any spells.
Your spell library contained the following spells:

 Spells                   Type           Power        Failure   Level  Hunger
 Summon Small Mammal      Summ           #...         99%         1    ##.....
 Call Imp                 Summ           #.......     100%        2    ###....
 Call Canine Familiar     Summ           #.......     100%        3    ####...
 Summon Guardian Golem    Hex/Summ       #.......     100%        3    ####...
 Summon Ice Beast         Ice/Summ       #.......     100%        4    #####..
 Summon Lightning Spire   Summ/Air       #.......     100%        4    #####..


Dungeon Overview and Level Annotations

Branches:
Dungeon (9/15)             Temple (0/1) D:7
   Lair: D:8-11         Orc: D:9-12

Altars:
Ashenzari
Fedhas
Gozag
Makhleb
Nemelex Xobeh
Qazlal
Trog
Wu Jian
Xom
Yredelemnul
Zin

Shops:
D:6 *


Innate Abilities, Weirdness & Mutations

You reflexively headbutt those who attack you in melee.
You have a pair of horns on your head.


Message History

The seven-headed hydra bites you but does no damage.
You block the seven-headed hydra's attack.
The seven-headed hydra bites you.
* * * LOW HITPOINT WARNING * * *
The seven-headed hydra bites you but does no damage.
The seven-headed hydra bites you!
* * * LOW HITPOINT WARNING * * *
You block the seven-headed hydra's attack.
The seven-headed hydra bites you but does no damage.
The seven-headed hydra closely misses you.
You furiously retaliate!
You headbutt the seven-headed hydra!! The seven-headed hydra bites you.
* * * LOW HITPOINT WARNING * * *
You block the seven-headed hydra's attack.
The seven-headed hydra bites you but does no damage.
The seven-headed hydra bites you!
* * * LOW HITPOINT WARNING * * *
The seven-headed hydra bites you but does no damage.
The seven-headed hydra bites you.
You die...

...#....###†..##.# ###.#
...#.._.#y#......###..##
...#....###...##.##.###
...##)...#....##.###..##
#..##.).......##.#####.#
#...##)......##'..##..##
#....###....##.'..#.###
#....###########..##..##
#....#..........@..###.#
.....#..........D..#..##
.....#................#
.....#...........######
.....##..........#
......#...######.#
......#...#....#.#
......#...#....#.#
......#...#....#.#


You could see a seven-headed hydra.

Vanquished Creatures
  Maurice (D:8)
  Psyche (D:8)
  Prince Ribbit (D:6)
  Sigmund (D:6)
  Edmund (D:6)
  Duvessa (D:6)
  A water moccasin (D:7)
  An orc warrior (D:6)
  2 phantoms
  An ogre (D:7)
  2 crocodiles
  2 centaurs
  A big kobold (D:7)
  5 bullfrogs
  A gnoll sergeant (D:8)
  2 scorpions
  Dowan (D:6)
  7 wights
  3 howler monkeys
  3 crimson imps
  3 quasits
  2 orc priests
  6 hounds
  9 orc wizards
  3 iguanas
  6 worker ants
  A hound skeleton (D:6)
  7 gnolls
  14 adders
  2 shadow imps
  2 oozes
  2 adder skeletons (D:4)
  2 worms
  3 dart slugs
  6 leopard geckos
  19 orcs
  4 ball pythons
  8 giant cockroaches
  6 goblins
  11 hobgoblins
  13 jackals
  8 kobolds
  3 quokkas
  7 bats
  5 frilled lizards
  A jackal skeleton (D:6)
  A quokka skeleton (D:8)
  13 rats
205 creatures vanquished.

Notes
Turn   | Place    | Note
-------+----------+-------------------------------------------
     0 | D:1      | leisz the Minotaur Fighter began the quest for the Orb.
     0 | D:1      | Reached XP level 1. HP: 19/19 MP: 0/0
   133 | D:1      | Reached XP level 2. HP: 24/27 MP: 1/1
   572 | D:1      | Reached XP level 3. HP: 33/33 MP: 2/2
  1063 | D:2      | Found an ornate altar of the Wu Jian Council.
  1186 | D:2      | Reached XP level 4. HP: 36/41 MP: 3/3
  1764 | D:3      | Found a glowing silver altar of Zin.
  1764 | D:3      | Found an opulent altar of Gozag.
  1789 | D:3      | Became a worshipper of Zin the Law-Giver
  1789 | D:3      | Reached * piety under Zin
  1921 | D:3      | Reached XP level 5. HP: 30/47 MP: 4/4
  2153 | D:3      | Found a shimmering altar of Xom.
  2312 | D:3      | Reached skill level 5 in Fighting
  2343 | D:3      | Reached skill level 5 in Shields
  2468 | D:3      | Reached skill level 5 in Armour
  3013 | D:4      | Reached XP level 6. HP: 51/56 MP: 5/5
  3068 | D:4      | Found a basalt altar of Yredelemnul.
  3286 | D:4      | Found a burning altar of Makhleb.
  3307 | D:4      | Found a shattered altar of Ashenzari.
  3356 | D:4      | Reached ** piety under Zin
  3571 | D:5      | Entered Level 5 of the Dungeon
  3624 | D:5      | Reached skill level 5 in Maces & Flails
  3624 | D:5      | Reached XP level 7. HP: 47/62 MP: 6/6
  3853 | D:5      | Reached skill level 1 in Invocations
  4084 | D:5      | Reached *** piety under Zin
  4485 | D:6      | Found Pefoh's General Store.
  4560 | D:6      | Noticed Edmund
  4569 | D:6      | Killed Edmund
  4569 | D:6      | Reached XP level 8. HP: 58/71 MP: 8/8
  4632 | D:6      | Noticed Dowan
  4641 | D:6      | Killed Dowan
  4651 | D:6      | Noticed Duvessa
  4669 | D:6      | Killed Duvessa
  4847 | D:6      | Noticed Prince Ribbit
  4892 | D:6      | Noticed Sigmund
  4896 | D:6      | Killed Sigmund
  5472 | D:6      | Killed Prince Ribbit
  5519 | D:7      | Reached XP level 9. HP: 79/79 MP: 10/10
  5978 | D:7      | Found a sparkling altar of Nemelex Xobeh.
  6101 | D:7      | Found a staircase to the Ecumenical Temple.
  6448 | D:8      | Noticed Psyche
  6475 | D:8      | Killed Psyche
  6614 | D:8      | Found a stormy altar of Qazlal.
  6626 | D:8      | Found a blossoming altar of Fedhas.
  6646 | D:8      | Reached **** piety under Zin
  6834 | D:8      | Noticed Maurice
  6861 | D:8      | Killed Maurice
  6861 | D:8      | Reached XP level 10. HP: 87/91 MP: 12/12
  7451 | D:9      | Noticed a moth of wrath
  7457 | D:9      | Found a bloodstained altar of Trog.
  7578 | D:9      | Noticed a seven-headed hydra
  7603 | D:9      | HP: 4/91 [seven-headed hydra (10)]
  7627 | D:9      | HP: 1/91 [seven-headed hydra (7)]
  7627 | D:9      | Slain by a seven-headed hydra

Skill      XL: |  1  2  3  4  5  6  7  8  9 10 |
---------------+-------------------------------+-----
Fighting       | 4 5 6 7 9 |  9.6
Armour         | 4 5 6 7 9 |  9.4
Shields        | 4 5 6 7 8 |  8.1
Maces & Flails | 3 4 5 6 8 9 |  9.1
Invocations    | 2 3 4 |  4.0

Action                   |  1- 3 |  4- 6 |  7- 9 | 10-12 || total
-------------------------+-------+-------+-------+-------++-------
Melee: Flail             |    88 |   191 |   324 |    46 ||   649
       Headbutt          |    15 |    25 |    63 |     6 ||   109
Invok: Vitalisation      |       |       |     1 |     1 ||     2
Evoke: Wand              |       |     1 |       |     2 ||     3
  Use: Scroll            |       |     1 |    10 |       ||    11
       Potion            |       |       |     1 |     1 ||     2
  Eat: Chunk             |     1 |     5 |     4 |       ||    10
       Ration            |       |     1 |     2 |     1 ||     4
Armor: Scale mail        |    30 |       |       |       ||    30
       Chain mail        |    11 |    80 |   170 |    41 ||   302
Dodge: Dodged            |    30 |    42 |    89 |    20 ||   181
Block: Shield            |    56 |   135 |   200 |    34 ||   425
